 Dungeon Crawl Stone Soup version 0.30-a0-354-g6b83867211 (webtiles) character file.

Game seed: 13820197588568160942

1109 billz999 the Twirler (level 8, -4/60 HPs)
             Began as a Gnoll Wanderer on Nov 7, 2022.
             Killed from afar by an orc wizard (10 damage)
             ... with a puff of flame
             ... on level 4 of the Dungeon.
             The game lasted 00:09:28 (3867 turns).

billz999 the Twirler (Gnoll Wanderer)               Turns: 3867, Time: 00:09:28

Health: -4/60      AC:  8    Str: 18    XL:     8   Next: 33%
Magic:  14/14      EV: 20    Int: 11    God:
Gold:   182        SH:  0    Dex: 24    Spells: 11/15 levels left

rFire   . . .      SeeInvis .    a - +2 quarterstaff
rCold   + . .      Faith    .    (shield currently unavailable)
rNeg    . . .      Spirit   .    d - +0 robe
rPois   +          Reflect  .    (no helmet)
rElec   .          Harm     .    b - +0 cloak
rCorr   .          Rampage  .    (no gloves)
Will    .....                    i - +4 pair of boots of Levity {rC+ Str+4}
Stlth   +++.......               (no amulet)
HPRegen 0.30/turn                r - ring "Zaarrouf" {rPois EV+4 Str+6}
MPRegen 0.14/turn                y - +6 ring of dexterity

@: no status effects
A: fangs 1, strong nose, distributed training
a: no special abilities


You were on level 4 of the Dungeon.
You visited 1 branch of the dungeon, and saw 4 of its levels.
You also visited: Sewer.

You collected 182 gold pieces.

Inventory:

Hand Weapons
 a - a +2 quarterstaff (weapon)
Missiles
 q - 4 boomerangs
 A - 2 throwing nets
Armour
 b - a +0 cloak (worn)
 d - a +0 robe (worn)
 i - the +4 pair of boots of Levity (worn) {rC+ Str+4}
   (You acquired it on level 3 of the Dungeon)

   Str:       It affects your strength (+4).
   rC:        It protects you from cold.
Magical Staves
 s - a staff of cold
Jewellery
 g - an amulet of guardian spirit
 j - a ring of resist corrosion
 n - a ring of willpower
 r - the ring "Zaarrouf" (left hand) {rPois EV+4 Str+6}
   (You acquired it on level 3 of the Dungeon)

   [ring of evasion]

   EV:        It affects your evasion (+4).
   Str:       It affects your strength (+6).
   rPois:     It protects you from poison.
 y - a +6 ring of dexterity (right hand)
Scrolls
 c - a scroll of fear
 f - a scroll of torment
 h - a scroll of enchant weapon {unknown}
 l - 5 scrolls of fog
 v - 2 scrolls of teleportation
 w - a scroll of blinking {unknown}
Potions
 e - a potion of might {unknown}
 k - a potion of magic {unknown}
 m - a potion of attraction {unknown}
 o - a potion of flight {unknown}
 t - a potion of lignification
 u - a potion of mutation {unknown}
 x - a potion of invisibility {unknown}
 z - a potion of brilliance {unknown}


   Skills:
 + Level 4.2 Fighting
 + Level 3.3 Short Blades
 + Level 3.3 Long Blades
 + Level 3.3 Axes
 + Level 3.3 Maces & Flails
 + Level 3.3 Polearms
 + Level 7.4 Staves
 + Level 3.3 Ranged Weapons
 + Level 3.3 Throwing
 + Level 3.3 Armour
 + Level 5.7 Dodging
 + Level 4.1 Stealth
 + Level 3.3 Shields
 + Level 3.3 Unarmed Combat
 + Level 4.4 Spellcasting
 + Level 2.7 Conjurations
 + Level 2.7 Hexes
 + Level 2.7 Summonings
 + Level 2.7 Necromancy
 + Level 4.7 Translocations
 + Level 2.7 Transmutations
 + Level 2.7 Fire Magic
 + Level 2.7 Ice Magic
 + Level 2.7 Air Magic
 + Level 2.7 Earth Magic
 + Level 2.7 Poison Magic
 + Level 3.6 Invocations
 + Level 3.3 Evocations


You had 11 spell levels left.
You knew the following spells:

 Your Spells              Type           Power      Damage    Failure   Level
a - Apportation           Tloc           24%        N/A       3%          1
b - Gell's Gravitas       Tloc           12%        N/A       10%         3

Your spell library contained the following spells:

 Spells                   Type           Power      Damage    Failure   Level


Dungeon Overview and Level Annotations

Branches:
Dungeon (4/15)              Sewer (visited)
 Temple: D:4-7

Altars:


Innate Abilities, Weirdness & Mutations

You have very sharp teeth.
Your uncanny sense of smell can sniff out nearby items.
Your experience applies equally to all skills.


Message History

You hit the orc priest but do no damage.
The orc priest is almost dead.
Something hits you but does no damage.
The orc priest hits you but does no damage.
The orc priest invokes the aid of Beogh against you.
Beogh smites you!
* * * LOW HITPOINT WARNING * * *
You hit the orc priest but do no damage.
The orc priest is almost dead.
Something barely misses you.
The orc priest calls upon Beogh to heal the orc priest.
The orc priest is healed somewhat.
The orc priest misses you.
You hit the orc priest but do no damage.
The orc priest is almost dead.
Something hits you but does no damage.
The orc priest casts a cantrip, but nothing happens.
The orc priest invokes the aid of Beogh against you.
Pain shoots through your body!
* * * LOW HITPOINT WARNING * * *
You hit the orc priest.
You kill the orc priest!
Something hits you but does no damage.
The orc priest invokes the aid of Beogh against you.
Pain shoots through your body!
* * * LOW HITPOINT WARNING * * *
Unknown command.
Okay, then.
You hit the orc priest.
The orc priest is heavily wounded.
Something hits you but does no damage. The orc priest closely misses you.
You thump the orc priest!
You kill the orc priest!
Something hits you but does no damage. Something hits you.
* * * LOW HITPOINT WARNING * * *
You hit something.
You hear some strange, mumbled words.
A puff of flame appears from out of thin air!
The puff of flame hits you!
You die...

#........#.........#
.....
#..........#.........#
.....
####.......#.........#
.....
#.......#.........#
###.#...+.))......##
#.#####...........
###+# ######'####..
...o. #...#..).##
......#...#@....#
......+...{.....#
......#...##.##.#
......'.))......#
......#...###...#
......'.........#
......#...........
###................
#................


There were no monsters in sight!

Vanquished Creatures
  Pikel (D:4)
  A phantom (D:4)
  A kobold brigand (Sewer)
  A necrophage (D:4)
  2 hounds (D:4)
  4 orc priests
  An orc wizard (D:4)
  4 gnolls (D:4)
  7 adders
  4 river rats (Sewer)
  2 worms (D:3)
  2 dart slugs
  12 orcs
  3 endoplasms
  2 giant cockroaches
  9 goblins
  8 hobgoblins
  9 jackals
  A quokka (D:3)
  9 ball pythons
  3 bats
  2 frilled lizards (Sewer)
  10 kobolds
  7 rats
105 creatures vanquished.

Vanquished Creatures (others)
  11 plants (Sewer)
11 creatures vanquished.

Grand Total: 116 creatures vanquished

Notes
Turn   | Place    | Note
-------+----------+-------------------------------------------
     0 | D:1      | billz999 the Gnoll Wanderer began the quest for the Orb.
     0 | D:1      | billz999 set off with the following items: a +2
                  | quarterstaff, a +0 cloak, a scroll of fear, a +0 robe; and
                  | the following spell memorised: Apportation; and the
                  | following spells available to memorise: Gell's Gravitas.
     0 | D:1      | Reached XP level 1. HP: 17/17 MP: 4/4
   382 | D:1      | Reached XP level 2. HP: 20/23 MP: 5/5
   934 | D:2      | Reached XP level 3. HP: 28/28 MP: 7/7
   939 | D:2      | Reached skill level 1 in Invocations
  1468 | D:3      | Identified 2 scrolls of acquirement
  1472 | D:3      | Acquired the ring "Zaarrouf" {rPois EV+4 Str+6}
  1526 | D:3      | Reached skill level 1 in Short Blades
  1526 | D:3      | Reached skill level 1 in Long Blades
  1526 | D:3      | Reached skill level 1 in Axes
  1526 | D:3      | Reached skill level 1 in Maces & Flails
  1526 | D:3      | Reached skill level 1 in Polearms
  1526 | D:3      | Reached skill level 1 in Ranged Weapons
  1526 | D:3      | Reached skill level 1 in Throwing
  1526 | D:3      | Reached skill level 1 in Armour
  1526 | D:3      | Reached skill level 1 in Shields
  1526 | D:3      | Reached skill level 1 in Unarmed Combat
  1526 | D:3      | Reached skill level 1 in Evocations
  1651 | D:3      | Acquired the +4 pair of boots of Levity {rC+ Str+4}
  1784 | D:3      | HP: 1/42 [orc priest/+1 short sword of holy wrath (3)]
  1788 | D:3      | Reached skill level 1 in Conjurations
  1788 | D:3      | Reached skill level 1 in Hexes
  1788 | D:3      | Reached skill level 1 in Summonings
  1788 | D:3      | Reached skill level 1 in Necromancy
  1788 | D:3      | Reached skill level 1 in Transmutations
  1788 | D:3      | Reached skill level 1 in Fire Magic
  1788 | D:3      | Reached skill level 1 in Ice Magic
  1788 | D:3      | Reached skill level 1 in Air Magic
  1788 | D:3      | Reached skill level 1 in Earth Magic
  1788 | D:3      | Reached skill level 1 in Poison Magic
  1788 | D:3      | Reached XP level 4. HP: 34/34 MP: 8/8
  2070 | D:3      | Found a glowing drain.
  2087 | Sewer    | Entered a sewer
  2108 | Sewer    | Reached XP level 5. HP: 40/40 MP: 9/9
  2157 | Sewer    | Noticed a kobold brigand
  2182 | Sewer    | Killed a kobold brigand
  2257 | Sewer    | Reached XP level 6. HP: 47/47 MP: 11/11
  2504 | Sewer    | Reached skill level 5 in Dodging
  3517 | D:4      | Reached XP level 7. HP: 52/52 MP: 12/12
  3526 | D:4      | Reached skill level 7 in Staves
  3554 | D:4      | Learned a level 3 spell: Gell's Gravitas
  3571 | D:4      | Noticed Pikel
  3594 | D:4      | Killed Pikel
  3595 | D:4      | Reached XP level 8. HP: 36/60 MP: 8/14
  3867 | D:4      | Killed from afar by an orc wizard

Illustrated notes

Levels and vault maps discovered:
D:1:      kennysheep_arrival_forest, layout_loops_ring
D:2:      layout_loops_ring, serial_glass, glass_columns_a, glass_columns_b
D:3:      layout_loops_corners, cheibrodos_sewer_entry_bend
D:4:      kennysheep_goblin_castle, layout_basic, uniq_pikel

Skill      XL: |  1  2  3  4  5  6  7 |
---------------+----------------------+-----
Invocations    | 1 2 3 |  3.6
Short Blades   | 1 2 3 |  3.3
Long Blades    | 1 2 3 |  3.3
Axes           | 1 2 3 |  3.3
Maces & Flails | 1 2 3 |  3.3
Polearms       | 1 2 3 |  3.3
Ranged Weapons | 1 2 3 |  3.3
Throwing       | 1 2 3 |  3.3
Armour         | 1 2 3 |  3.3
Shields        | 1 2 3 |  3.3
Unarmed Combat | 1 2 3 |  3.3
Evocations     | 1 2 3 |  3.3
Spellcasting   | 3 4 |  4.4
Conjurations   | 1 2 |  2.7
Hexes          | 1 2 |  2.7
Summonings     | 1 2 |  2.7
Necromancy     | 1 2 |  2.7
Transmutations | 1 2 |  2.7
Fire Magic     | 1 2 |  2.7
Ice Magic      | 1 2 |  2.7
Air Magic      | 1 2 |  2.7
Earth Magic    | 1 2 |  2.7
Poison Magic   | 1 2 |  2.7
Fighting       | 3 4 |  4.2
Translocations | 4 |  4.7
Stealth        | 3 4 |  4.1
Dodging        | 5 |  5.7
Staves         | 7 |  7.4

Action                   |  1- 3 |  4- 6 |  7- 9 || total
-------------------------+-------+-------+-------++-------
Melee: Quarterstaff      |    45 |   185 |    67 ||   297
       Bite              |    10 |    15 |    11 ||    36
       Staff             |    52 |    37 |       ||    89
       Punch             |     1 |     1 |       ||     2
 Cast: Gell's Gravitas   |       |       |     2 ||     2
  Use: Scroll            |     9 |       |       ||     9
       Potion            |     5 |       |     1 ||     6
 Stab: Sleeping          |     7 |     2 |       ||     9
Armor: Robe              |    21 |    27 |    21 ||    69
       Skin              |     6 |     6 |       ||    12
Dodge: Dodged            |    68 |   171 |    76 ||   315

Table legend: (Time is in decaauts)
 A = Elapsed time spent in this place.
 B = Non-inter-level travel time spent in this place.
 C = Inter-level travel time spent in this place.
 D = Time resting spent in this place.
 E = Time spent auto-exploring this place.
 F = Levels seen in this place.
 G = Mean time per level.
                   A        B        C        D        E       F      G
               +--------+--------+--------+--------+--------+-----+--------+
         Total |   4000 |   3898 |    102 |     50 |   2962 |   5 |  800.0 |
       Dungeon |   3155 |   3053 |    102 |     47 |   2384 |   4 |  788.8 |
         Sewer |    844 |    844 |      0 |      3 |    578 |   1 |  844.0 |
               +--------+--------+--------+--------+--------+-----+--------+

Top non-repeatable levels by time:
     D:3: 1081 daAuts
   Sewer: 844 daAuts
     D:1: 760 daAuts
     D:2: 756 daAuts
     D:4: 556 daAuts
